 Dungeon Crawl Stone Soup version 0.18.1-48-g4cf74bf (webtiles) character file.

64967 Quirk the Fighter (level 15, -22/100 HPs)
             Began as a Gargoyle Fighter on July 13, 2016.
             Was the Champion of Okawaru.
             Engulfed by a bog body's freezing vapour (34 damage)
             ... on level 1 of the Swamp on July 16, 2016.
             The game lasted 01:26:36 (21361 turns).

Quirk the Fighter (Gargoyle Fighter)               Turns: 21361, Time: 01:26:37

Health: -22/100    AC: 30    Str: 28    XL:     15   Next: 14%
Magic:  23/23      EV: 13    Int: 13    God:    Okawaru [******]
Gold:   1869       SH: 12    Dex: 12    Spells: 6 memorised, 16 levels left

rFire  + . .     SeeInvis .     M - +8 war axe of Equivalence {flame, *Rage rN+ Dex+3}
rCold  . . .     Gourm    .     e - +2 scale mail {rN+}
rNeg   + + +     Faith    .     c - +0 shield
rPois  ∞         Spirit   .     p - +2 hat {Int+3}
rElec  +         Dismiss  .     L - +0 cloak
rCorr  .         Reflect  .     H - +2 pair of gloves {Str+3}
SustAt +         Harm     .     i - +0 pair of boots {Stlth+}
MR     +....     Rnd*Rage +     F - amulet of regeneration
Stlth  +++.......               v - ring of sustain attributes
                                n - ring of protection from fire

@: flying, slowed, very slow, somewhat resistant to hostile enchantments, fairly
stealthy
A: big wings, berserk 1, mutation resistance 1, negative energy resistance 1,
electricity resistance, unbreathing, petrification resistance, rot immunity, AC
+11
a: Stop Flying, Heroism, Finesse, Renounce Religion


You were on level 1 of the Swamp.
You worshipped Okawaru.
Okawaru was exalted by your worship.
You were not hungry.

You visited 4 branches of the dungeon, and saw 20 of its levels.
You also visited: Labyrinth and Volcano.

You collected 1869 gold pieces.

Inventory:

Hand Weapons
 g - the +4 falchion "Hamodivi" {distort, +Rage +Inv rPois MP-9}
   (You found it on level 5 of the Dungeon)

   It warps and distorts space around it.
   Unwielding it can cause banishment or high damage.
   It protects you from poison.
   It affects your magic capacity (-9).
   It lets you turn invisible.
   It lets you go berserk.
 m - the +7 short sword "Ameivushra" {holy, *Drain Str+6}
   (Okawaru gifted it to you on level 1 of the Lair of Beasts)

   It has been blessed by the Shining One to cause great damage to the undead
   and demons.
   It affects your strength (+6).
   It causes draining when unequipped.
 w - a +1 demon whip of venom
 M - the +8 war axe of Equivalence (weapon) {flame, *Rage rN+ Dex+3}
   (You found it in a labyrinth)

   It has been specially enchanted to burn those struck by it, causing extra
   injury to most foes and up to half again as much damage against particularly
   susceptible opponents.
   Big, fiery blades are also staple armaments of hydra-hunters.
   It affects your dexterity (+3).
   It protects you from negative energy.
   It may make you go berserk in combat.
 N - the +7 trident of the Ring {flame, rElec}
   (You found it on level 8 of the Dungeon)

   It has been specially enchanted to burn those struck by it, causing extra
   injury to most foes and up to half again as much damage against particularly
   susceptible opponents.
   It insulates you from electricity.
Missiles
 X - 2 throwing nets (quivered)
Armour
 c - a +0 shield (worn)
 e - a +2 scale mail of positive energy (worn)
 i - a +0 pair of boots of stealth (worn)
 o - the +1 storm dragon armour of Jyashro {*Corrode rElec rN+ Int+5}
   (Okawaru gifted it to you on level 4 of the Lair of Beasts)

   It affects your intelligence (+5).
   It insulates you from electricity.
   It protects you from negative energy.
   It may corrode you when you take damage.
 p - a +2 hat of intelligence (worn)
 H - a +2 pair of gloves of strength (worn)
 L - a +0 cloak (worn)
Rods
 y - a +8 rod of ignition (17/17)
   (You found it in a labyrinth)
Jewellery
 n - a ring of protection from fire (left hand)
 u - an uncursed ring of fire
 v - a ring of sustain attributes (right hand)
 F - an amulet of regeneration (around neck)
 G - an uncursed amulet of the gourmand
 Y - an uncursed ring of flight
Wands
 a - a wand of enslavement (16/24)
 t - a wand of disintegration (19/24)
 A - a wand of slowing (36/48)
 C - a wand of paralysis (8/24)
 D - a wand of heal wounds (6/9)
 T - a wand of iceblast (3/15)
Scrolls
 r - 8 scrolls of remove curse
 x - 3 scrolls of enchant weapon
 E - 6 scrolls of teleportation
 K - 2 scrolls of recharging
Potions
 d - 2 potions of might
 j - 5 potions of curing
 k - 5 potions of lignification
 l - 3 potions of resistance
 z - 3 potions of haste
 J - 4 potions of berserk rage
 R - a potion of cancellation
 U - a potion of invisibility
Miscellaneous
 h - a plain deck of changes
 P - a lamp of fire
 V - a disc of storms
Comestibles
 f - 13 bread rations
 s - 5 meat rations
 B - 10 royal jellies


   Skills:
 * Level 13.8 Fighting
 + Level 3.5(5.3) Short Blades
 - Level 6.1(6.6) Long Blades
 * Level 9.1 Maces & Flails
 + Level 10.3 Armour
 + Level 7.2 Dodging
 - Level 9.4 Stealth
 + Level 9.9 Shields
 + Level 5.6 Spellcasting
 + Level 2.5 Summonings
 - Level 3.5 Invocations
 + Level 7.5 Evocations


You had 16 spell levels left.
You knew the following spells:

 Your Spells              Type           Power        Failure   Level  Hunger
a - Sting                 Conj/Pois      #...         77%         1    None
b - Shock                 Conj/Air       #...         77%         1    None
c - Swiftness             Chrm/Air       #.......     92%         2    ##.....
d - Magic Dart            Conj           #...         77%         1    None
e - Blink                 Tloc           N/A          92%         2    ##.....
f - Call Imp              Summ           ##......     38%         2    ##.....


Dungeon Overview and Level Annotations

Branches:
Dungeon (10/15)            Temple (1/1) D:4            Lair (8/8) D:9
  Swamp (1/4) Lair:4       Spider (0/4) Lair:5        Slime (0/6) Lair:7
    Orc (0/2) D:9

Altars:
Ashenzari
Cheibriados
Dithmenos
Elyvilon
Fedhas
Gozag
Kikubaaqudgha
Makhleb
Nemelex Xobeh
Okawaru
Pakellas
Qazlal
Ru
Sif Muna
Trog
Vehumet
Xom
Yredelemnul
Zin
The Shining One

Annotations:
D:6 Kloppie's ghost, novice MiWn
Lair:2 Snorg
Lair:3 Rupert
Lair:7 exclusion: 3 oklob plants
Abyss:1 Menkaure


Innate Abilities, Weirdness & Mutations

You are resistant to torment.
Your stone body is resilient (AC +11).
You are immune to poison.
Your large and strong wings let you fly indefinitely.
You resist negative energy.
You are resistant to electric shocks.
You can survive without breathing.
You are immune to petrification.
You are immune to rotting.
You tend to lose your temper in combat.
You are somewhat resistant to further mutation.


Message History

The bog body points at you and mumbles some strange words.
The bolt of cold misses you.
You closely miss the bog body.
You are engulfed in freezing vapours.
* * * LOW HITPOINT WARNING * * *
You block the bog body's attack. x2; The bog body closely misses you.
The bog body touches you but does no damage.
You slice the bog body!! You burn the bog body.
The bog body is heavily damaged.
You block the bog body's attack. The bog body misses you.
The bog body points at you and mumbles some strange words.
You easily resist.
You slash the bog body!
The bog body is almost destroyed.
The bog body casts a spell at you. The bolt of cold hits you!
* * * LOW HITPOINT WARNING * * *
You closely miss the bog body.
The bog body is almost destroyed.
You are engulfed in freezing vapours.
You die...

≈≈≈ .≈≈..≈≈≈.≈≈≈≈≈J.
≈≈ ♣≈...≈≈≈≈≈.≈≈...
=≈≈.. ♣.≈≈≈≈..♣♣ ≈≈.♣
.....♣♣.≈≈≈≈≈..♣ ≈≈≈♣
.≈≈♣≈..≈≈≈≈..♣♣ .≈.≈♣
♣≈♣♣...≈....♣♣ ♣.≈.♣
♣≈.♣.......).♣♣≈≈≈.♣♣
♣≈≈.....≈≈≈.♣.≈≈≈≈≈♣
♣≈.≈≈..n@.<.♣.≈≈≈≈≈♣
♣♣..≈≈≈.♣♣♣♣♣≈..≈≈..♣
♣≈..≈≈..♣ ♣......≈≈≈♣
♣♣..≈≈.♣♣ ♣.≈≈..§≈≈.♣
♣≈.≈..)≈ ).§≈≈≈...≈♣♣
♣♣...≈...≈≈≈≈≈≈.♣.≈♣
♣..≈..≈≈≈≈≈≈....♣♣♣
♣≈.....≈≈≈≈≈§...≈♣
.≈......≈≈≈≈....♣♣♣


You could see a bog body.

Vanquished Creatures
  4 catoblepae (Lair:8)
  2 hydras
  21 death yaks
  2 hill giants (D:10)
  A griffon (Lair:5)
  A wolf spider (Lair:5)
  2 deep elf magi (D:10)
  7 elephants
  A sphinx skeleton (Volcano)
  A black mamba (Lair:1)
  17 spiny frogs
  A torpor snail (Lair:4)
  3 rime drakes
  4 polar bears (Lair:2)
  7 komodo dragons
  A jumping spider (Lair:5)
  2 two-headed ogres
  A queen bee (D:10)
  4 giant leeches
  2 slime creatures (Swamp:1)
  A minotaur skeleton (Volcano)
  A bog body (Swamp:1)
  24 blink frogs
  The ghost of Jerry the Caller, an amateur MfSu (D:3)
  2 flying skulls (Volcano)
  Sigmund (D:5)
  42 yaks
  A vampire (Volcano)
  8 hippogriffs
  A hungry ghost (D:10)
  3 basilisks
  A steam dragon (D:7)
  3 vampire mosquitoes (Swamp:1)
  An insubstantial wisp (D:7)
  9 water moccasins
  9 porcupines
  2 orc warriors
  8 black bears (Lair:2)
  3 ice beasts
  A merfolk skeleton (Volcano)
  2 necrophages
  7 ogres
  5 sky beasts
  21 wolves
  4 centaurs
  A manticore skeleton (Volcano)
  12 crocodiles
  3 big kobolds
  17 giant frogs
  3 scorpions
  16 killer bees
  An electric eel (Lair:6)
  6 howler monkeys
  4 wights (D:10)
  A spriggan skeleton (Volcano)
  5 crimson imps
  3 centaur zombies
  2 quasits
  A giant frog zombie (D:9)
  An iron imp (D:10)
  A jelly (D:5)
  4 orc priests
  2 giant frog skeletons
  5 hounds
  11 orc wizards
  5 centaur skeletons
  11 iguanas
  6 worker ants
  20 sheep
  A killer bee zombie (D:10)
  2 naga skeletons (Volcano)
  2 ogre skeletons (Volcano)
  A hound skeleton (D:9)
  3 mummies (Volcano)
  A worker ant zombie (D:6)
  6 gnolls
  16 adders
  62 river rats
  2 shadow imps
  An ooze (D:3)
  2 adder zombies (D:6)
  An adder skeleton (D:7)
  5 worms
  2 dart slugs
  5 giant geckos
  40 orcs
  A ball python (D:5)
  6 giant cockroaches
  9 goblins
  11 hobgoblins
  12 jackals
  2 quokkas
  7 bats
  2 giant gecko skeletons (D:6)
  7 giant newts
  2 gnoll zombies (D:8)
  19 kobolds
  8 rats
  11 fungi
  4 plants
639 creatures vanquished.

Vanquished Creatures (collateral kills)
  A yak (Lair:1)
1 creature vanquished.

Vanquished Creatures (others)
  The ghost of cutebanana the Basher, a novice MiBe of Trog (D:8)
  A black mamba (Lair:4)
  2 elephants
  2 spiny frogs (Lair:2)
  A komodo dragon (Lair:4)
  2 polar bears (Lair:2)
  A giant leech (Lair:4)
  A minotaur skeleton (Volcano)
  6 yaks
  2 hippogriffs (D:10)
  An insubstantial wisp (D:7)
  2 water moccasins
  A merfolk skeleton (Volcano)
  An ice beast (D:8)
  A swamp drake (D:10)
  An orc warrior (D:6)
  A sky beast (D:7)
  A phantom (D:5)
  A wolf (Lair:4)
  2 crocodiles (Lair:1)
  2 giant frogs
  A wyvern zombie (D:6)
  A scorpion (D:7)
  4 killer bees
  A howler monkey (D:5)
  A hound (D:7)
  An orc wizard (D:9)
  2 centaur skeletons
  A worker ant (D:7)
  A sheep (Lair:4)
  A mummy (Volcano)
  A gnoll (D:8)
  3 river rats
  An adder zombie (D:6)
  An adder skeleton (D:7)
  4 kobolds (D:10)
  35 fungi
  27 plants
119 creatures vanquished.

Grand Total: 759 creatures vanquished

Notes
Turn   | Place    | Note
--------------------------------------------------------------
     0 | D:1      | Quirk the Gargoyle Fighter began the quest for the Orb.
     0 | D:1      | Reached XP level 1. HP: 14/14 MP: 1/1
    61 | D:1      | Reached XP level 2. HP: 19/19 MP: 2/2
   268 | D:1      | Reached XP level 3. HP: 21/23 MP: 3/3
   537 | D:1      | Reached skill level 1 in Stealth
   780 | D:2      | Found a shattered altar of Ashenzari.
   791 | D:2      | Reached XP level 4. HP: 27/29 MP: 4/4
  1058 | D:2      | Reached skill level 4 in Fighting
  1172 | D:2      | Reached skill level 1 in Dodging
  1422 | D:3      | Noticed Jerry's ghost (amateur MfSu)
  1466 | D:3      | Killed Jerry's ghost
  1466 | D:3      | Reached XP level 5. HP: 34/34 MP: 5/5
  1466 | D:3      | Reached XP level 6. HP: 39/39 MP: 6/6
  1603 | D:3      | Found a stormy altar of Qazlal.
  2005 | D:3      | Reached skill level 5 in Fighting
  2720 | D:4      | Reached XP level 7. HP: 34/44 MP: 7/7
  3083 | D:4      | Found an opulent altar of Gozag.
  3267 | D:4      | Reached skill level 5 in Shields
  3344 | D:4      | Found a staircase to the Ecumenical Temple.
  3350 | Temple   | Entered the Ecumenical Temple
  3480 | D:5      | Entered Level 5 of the Dungeon
  3485 | D:5      | Got a translucent falchion
  3486 | D:5      | Identified the +4 falchion "Hamodivi" {distort, +Rage +Inv rPois MP-9} (You found it on level 5 of the Dungeon)
  3494 | D:5      | Found a glowing golden altar of the Shining One.
  3502 | D:5      | Reached skill level 6 in Fighting
  3623 | D:5      | Reached skill level 5 in Armour
  3667 | D:5      | Found a burning altar of Makhleb.
  3752 | D:5      | Reached XP level 8. HP: 36/51 MP: 0/8
  3857 | D:5      | Noticed Sigmund
  3911 | D:5      | Killed Sigmund
  3911 | D:5      | Reached skill level 1 in Long Blades
  4153 | D:5      | Found an iron altar of Okawaru.
  4158 | D:5      | Became a worshipper of Warmaster Okawaru
  4424 | D:6      | Reached skill level 1 in Invocations
  4566 | D:6      | Reached skill level 1 in Evocations
  4692 | D:6      | Reached skill level 7 in Fighting
  4741 | D:6      | Noticed Kloppie's ghost (novice MiWn)
  4783 | D:6      | Reached * piety under Okawaru
  4804 | D:6      | Reached XP level 9. HP: 57/57 MP: 1/10
  5465 | D:6      | HP: 2/57 [orc priest/divine providence (10)]
  5665 | D:7      | Reached skill level 5 in Stealth
  5762 | D:7      | Reached skill level 8 in Fighting
  5940 | D:7      | Reached ** piety under Okawaru
  6065 | D:7      | Found a radiant altar of Vehumet.
  6065 | D:7      | Found a sacrificial altar of Ru.
  6183 | D:8      | Reached XP level 10. HP: 59/65 MP: 3/12
  6222 | D:8      | Got a pitted trident
  6268 | D:8      | Noticed cutebanana's ghost (novice MiBe)
  6288 | D:8      | Banished cutebanana's ghost
  6495 | D:8      | Reached skill level 5 in Maces & Flails
  6723 | D:8      | Identified the +7 trident of the Ring {flame, rElec} (You found it on level 8 of the Dungeon)
  6796 | D:8      | Found a basalt altar of Yredelemnul.
  6927 | D:8      | Reached skill level 9 in Fighting
  6942 | D:9      | Found a staircase to the Orcish Mines.
  7066 | D:9      | Reached *** piety under Okawaru
  7608 | D:9      | Found a staircase to the Lair.
  7849 | D:9      | Found a deep blue altar of Sif Muna.
  8060 | D:10     | Entered Level 10 of the Dungeon
  8119 | D:10     | Noticed a hill giant
  8296 | D:10     | Noticed a deep elf mage
  8296 | D:10     | Noticed a deep elf mage
  8297 | D:10     | Noticed a rust devil
  8421 | D:10     | Reached XP level 11. HP: 64/71 MP: 4/13
  8548 | D:10     | Killed a deep elf mage
  8548 | D:10     | Reached **** piety under Okawaru
  8763 | D:10     | Noticed a hill giant
  8771 | D:10     | Killed a hill giant
  8878 | D:10     | Reached skill level 10 in Fighting
  8883 | D:10     | Killed a deep elf mage
  8906 | D:10     | Reached ***** piety under Okawaru
  9290 | D:10     | Got a heavily runed hat
  9327 | D:10     | Identified the cursed -4 hat of Watchfulness {+Fly rC- rCorr} (You found it on level 10 of the Dungeon)
  9371 | D:10     | Killed a hill giant
  9398 | Lair:1   | Entered Level 1 of the Lair of Beasts
  9431 | Lair:1   | Reached skill level 5 in Dodging
  9538 | Lair:1   | Found a labyrinth entrance.
  9547 | Lab      | Entered a labyrinth
  9849 | Lab      | Gained mutation: You are somewhat resistant to further mutation. [potion of beneficial mutation]
  9854 | Lab      | Noticed a minotaur
  9953 | Lab      | Learned a level 1 spell: Sting
  9958 | Lab      | Learned a level 1 spell: Shock
  9961 | Lab      | Learned a level 2 spell: Swiftness
  9963 | Lab      | Learned a level 1 spell: Magic Dart
  9966 | Lab      | Learned a level 2 spell: Blink
  9969 | Lab      | Learned a level 2 spell: Call Imp
  9973 | Lab      | Got an iridescent war axe
  9976 | Lab      | Got a ripped robe
  9982 | Lab      | Identified the +8 war axe of Equivalence {flame, *Rage rN+ Dex+3} (You found it in a labyrinth)
 10340 | Lair:1   | Received a gift from Okawaru
 10343 | Lair:1   | Got an ivory short sword {god gift}
 10367 | Lair:1   | Reached XP level 12. HP: 79/79 MP: 6/15
 11164 | Lair:1   | Identified the cursed +0 robe "Tifopt" {Dex+2} (You found it in a labyrinth)
 11353 | Lair:2   | Reached skill level 5 in Evocations
 11494 | Lair:2   | Reached skill level 11 in Fighting
 11494 | Lair:2   | Reached skill level 1 in Spellcasting
 11571 | Lair:2   | Noticed a death yak
 11573 | Lair:2   | Noticed a death yak
 11574 | Lair:2   | Noticed a death yak
 11600 | Lair:2   | Killed a death yak
 11600 | Lair:2   | Reached skill level 5 in Long Blades
 12224 | Lair:3   | Noticed Snorg
 12620 | Lair:3   | Noticed Rupert
 12792 | Lair:3   | Paralysed by Rupert for 7 turns
 12991 | Lair:4   | Received a gift from Okawaru
 12996 | Lair:4   | Got an encrusted storm dragon armour {god gift}
 13011 | Lair:4   | Identified the +1 storm dragon armour of Jyashro {*Corrode rElec rN+ Int+5} (Okawaru gifted it to you on level 4 of the Lair of Beasts)
 13465 | Lair:4   | Reached XP level 13. HP: 22/84 MP: 8/17
 13738 | Lair:4   | Found a staircase to the Swamp.
 14435 | Lair:4   | Reached skill level 12 in Fighting
 14584 | Lair:5   | Found a dark tunnel.
 14595 | Volcano  | Entered a volcano
 14644 | Volcano  | Reached ****** piety under Okawaru
 14797 | Volcano  | Noticed Menkaure
 14849 | Volcano  | Banished Menkaure
 15676 | Lair:4   | Identified the +7 short sword "Ameivushra" {holy, *Drain Str+6} (Okawaru gifted it to you on level 1 of the Lair of Beasts)
 15733 | Lair:2   | HP: 4/86 [Snorg (7)]
 15743 | Lair:2   | Gained mutation: You tend to lose your temper in combat. [mutagenic glow]
 16051 | Lair:1   | Identified a +4 rod of ignition (13/13) (You found it in a labyrinth)
 16371 | Lair:6   | Received a gift from Okawaru
 16516 | Lair:5   | Reached skill level 1 in Short Blades
 17042 | Lair:5   | Found a hole to the Spider Nest.
 17381 | Lair:5   | Gained mutation: Your large and strong wings let you fly indefinitely. [Gargoyle growth]
 17381 | Lair:5   | Reached XP level 14. HP: 92/92 MP: 20/20
 17574 | Lair:5   | Reached skill level 13 in Fighting
 17719 | Lair:5   | Received a gift from Okawaru
 18801 | Lair:7   | Reached skill level 5 in Spellcasting
 19004 | Lair:7   | Found a staircase to the Slime Pits.
 19174 | Lair:7   | Received a gift from Okawaru
 19394 | Lair:8   | Entered Level 8 of the Lair of Beasts
 19419 | Lair:8   | Reached skill level 10 in Armour
 19921 | Lair:8   | Reached skill level 1 in Summonings
 20557 | Lair:8   | Reached XP level 15. HP: 77/100 MP: 23/23
 21286 | Swamp:1  | Entered Level 1 of the Swamp
 21324 | Swamp:1  | Received a gift from Okawaru
 21337 | Swamp:1  | Found an ancient bone altar of Kikubaaqudgha.
 21361 | Swamp:1  | Engulfed by a bog body's freezing vapour

Skill      XL: |  1  2  3  4  5  6  7  8  9 10 11 12 13 14 15 |
---------------+----------------------------------------------+-----
Stealth        | 1 2 3 4 5 6 7 9 |  9.4
Fighting       | 4 5 6 7 8 9 10 11 12 13 | 13.8
Shields        | 4 5 6 7 8 9 |  9.9
Dodging        | 1 2 3 4 5 6 7 |  7.2
Armour         | 4 5 6 7 8 9 10 | 10.3
Maces & Flails | 3 4 5 6 7 8 9 |  9.1
Long Blades    | 1 2 3 4 5 6 |  6.1
Invocations    | 1 3 |  3.5
Evocations     | 1 2 3 4 5 6 7 |  7.5
Spellcasting   | 2 4 5 |  5.6
Short Blades   | 1 3 |  3.5
Summonings     | 2 |  2.5

Action                   |  1- 3 |  4- 6 |  7- 9 | 10-12 | 13-15 || total
-------------------------+-------+-------+-------+-------+-------++-------
Melee: Flail             |   122 |   260 |    57 |       |       ||   439
       Falchion          |       |       |   275 |  1273 |   471 ||  2019
       War axe           |       |       |       |       |   519 ||   519
       Trident           |       |       |       |       |    24 ||    24
       Short sword       |       |       |       |       |     8 ||     8
       Demon whip        |       |       |       |       |    16 ||    16
Throw: Throwing net      |       |       |       |     1 |       ||     1
 Abil: Fly               |       |       |       |       |     1 ||     1
Evoke: Wand              |       |       |       |     3 |     2 ||     5
  Use: Potion            |       |     1 |       |     4 |     2 ||     7
       Scroll            |       |     5 |       |    28 |    14 ||    47
 Stab: Sleeping          |       |       |       |     1 |     5 ||     6
       Distracted        |       |       |       |     1 |       ||     1
       Petrified         |       |       |       |       |     1 ||     1
  Eat: Chunk             |       |     7 |    10 |    25 |    54 ||    96
       Beef jerky        |       |       |       |     4 |       ||     4
       Meat ration       |       |       |       |       |     4 ||     4
       Pizza             |       |       |       |       |     2 ||     2
       Fruit             |       |       |       |       |     3 ||     3
Armor: Scale mail        |    93 |   123 |   196 |   785 |   377 ||  1574
       Storm dragon armo |       |       |       |    87 |   304 ||   391
       Skin              |       |       |       |     1 |       ||     1
Dodge: Dodged            |    60 |    72 |    99 |   617 |   475 ||  1323
Block: Shield            |    69 |   163 |   176 |   960 |   740 ||  2108
